 Dungeon Sprint DCSS version 0.28.0-53-g5a82cb258f (webtiles) character file.

Game seed: 10352712139878193339

9830 Groucho the Unseen (level 11, -1/47 HPs)
             Began as a Spriggan Enchanter on June 7, 2022.
             Was a High Priest of Dithmenos.
             Engulfed by a cloud of foul pestilence (15 damage)
             ... in the Dungeon (Sprint II: "The Violet Keep of Menkaure").
             The game lasted 00:12:06 (1662 turns).

Groucho the Unseen (Spriggan Enchanter)             Turns: 1662, Time: 00:12:06

Health: -1/47      AC:  4    Str: 11    XL:     11   Next: 28%
Magic:  32/38      EV: 30    Int: 18    God:    Dithmenos [*****.]
Gold:   626        SH:  0    Dex: 17    Spells: 26/37 levels left

rFire   . . .      SeeInvis +   a - +1 dagger
rCold   . . .      Faith    .   (no shield)
rNeg    + . .      Spirit   .   c - +2 robe {rN+}
rPois   +          Reflect  .   (helmet restricted)
rElec   .          Harm     .   (no cloak)
rCorr   +          Rampage  .   (gloves unavailable)
Will    +....      NoTele   +   (boots unavailable) Stlth ***+++++++
                                x - amulet of magic regeneration
HPRegen 0.15/turn               b - ring "Zeikleuck" {rPois rCorr Dex+2}
MPRegen 0.66/turn               j - ring of Xom's Full Attention {MP+9 Str+3}

@: slowed, wreathed by umbra, quick
A: very small, no large weapons, unfitting armour, see invisible, speed 3
a: Renounce Religion, Shadow Step, Shadow Form


You were in the Dungeon.
You worshipped Dithmenos.
Dithmenos was extremely pleased with you.
You visited 1 branch You collected 1826 gold pieces.
You spent 1200 gold pieces at shops.

Inventory:

Hand Weapons
 a - a +1 dagger (weapon)
Missiles
 q - a poisoned dart (quivered)
Armour
 c - a +2 robe of positive energy (worn)
Jewellery
 b - the ring "Zeikleuck" (left hand) {rPois rCorr Dex+2}
   (You bought it in a shop in the Dungeon)

   [ring of poison resistance]

   Dex:       It affects your dexterity (+2).
   rPois:     It protects you from poison.
   rCorr:     It protects you from acid and corrosion.
 j - the ring of Xom's Full Attention (right hand) {MP+9 Str+3}
   (You bought it in a shop in the Dungeon)

   [ring of magical power]

   Str:       It affects your strength (+3).
   MP:        It affects your magic capacity (+9).
 k - a ring of flight
 o - a ring of poison resistance
 v - a +6 ring of dexterity
 x - an amulet of magic regeneration (around neck)
Scrolls
 f - a scroll of fog {unknown}
 i - a scroll of blinking
 p - 3 scrolls of identify
 r - a scroll of enchant weapon {unknown}
 s - a scroll of enchant armour {unknown}
Potions
 e - 3 potions of heal wounds
 g - 5 potions of magic
 h - a potion of berserk rage
 l - 5 potions of flight
 m - a potion of mutation
 n - 3 potions of resistance {unknown}
 t - a potion of cancellation {unknown}
 u - a potion of ambrosia {unknown}
 w - a potion of might {unknown}


   Skills:
 + Level 12.3 Short Blades
 * Level 17.8 Dodging
 - Level 20.0 Stealth
 + Level 13.6 Spellcasting
 - Level 5.0 Conjurations
 - Level 15.0 Hexes


You had 26 spell levels left.
You knew the following spells:

 Your Spells              Type           Power      Damage    Failure   Level
a - Ensorcelled Hibernat  Hex/Ice        78%        N/A       1%          2
b - Confusing Touch       Hex            60%        N/A       1%          3
c - Dazzling Flash        Conj/Hex       96%        N/A       1%          3
d - Tukima's Dance        Hex            60%        N/A       1%          3

Your spell library contained the following spells:

 Spells                   Type           Power      Damage    Failure   Level
 Beastly Appendage        Tmut           24%        N/A       5%          1
 Blink                    Tloc           24%        N/A       9%          2
 Wereblood                Tmut           12%        N/A       9%          2
 Lesser Beckoning         Tloc           12%        N/A       17%         3
 Spider Form              Tmut/Pois      12%        N/A       17%         3
 Manifold Assault         Tloc           12%        N/A       83%         5


Dungeon Overview and Level Annotations

Branches:
Dungeon (1/1)

Altars:
Cheibriados
Dithmenos
Elyvilon
Fedhas
Gozag
Hepliaklqana
Kikubaaqudgha
Makhleb
Nemelex Xobeh
Okawaru
Qazlal
Ru
Sif Muna
Trog
Uskayaw
Vehumet
Wu Jian
Xom
Yredelemnul
Zin
The Shining One
Beogh
Jiyva
Lugonu

Shops:
D :=[=!?:*=[!=*(*

Annotations:
D exclusions: oklob plant and orange crystal statue, Roxanne


Innate Abilities, Weirdness & Mutations

You are very small and have problems with some larger weapons.
You are too small for most types of armour.
You have supernaturally acute eyesight. (SInv)
You cover ground extremely quickly. (Speed+++)


Message History

The death drake breathes miasma at you. The foul vapour misses you.
Casting: Ensorcelled Hibernation (safe; 1% risk of failure)
Confirm with . or Enter, or press ? or * to list all spells.
You don't know that spell.
Casting: Ensorcelled Hibernation (safe; 1% risk of failure)
Confirm with . or Enter, or press ? or * to list all spells.
Aiming: Ensorcelled Hibernation (safe; 1% risk of failure)
Press: ? - help, Shift-Dir - straight line, f - death drake
Aim: a death drake (foul pestilence, catching its breath, umbra, chance to affect: 49%)
The death drake resists with some effort.
The swamp drake roars!
You are engulfed in dark miasma.
You are poisoned.
You feel yourself slow down.
You feel very sick. The swamp drake breathes poison at you.
The noxious blast engulfs you but does no damage.
You resist.
Unknown command.
Casting: Ensorcelled Hibernation (safe; 1% risk of failure)
Confirm with . or Enter, or press ? or * to list all spells.
Aiming: Ensorcelled Hibernation (safe; 1% risk of failure)
Press: ? - help, Shift-Dir - straight line, f/p - death drake
Aim: a death drake (foul pestilence, catching its breath, umbra, chance to affect: 49%)
The death drake looks drowsy...
You are engulfed in dark miasma.
You are more poisoned.
You feel as though you will be slow longer.
You feel extremely sick.
Unknown command.
The helpless death drake fails to defend itself.
You stick the death drake like a pincushion!!!!!
You kill the death drake!
Dithmenos accepts your kill.
You are engulfed in dark miasma.
You are more poisoned.
* * * LOW HITPOINT WARNING * * *
You feel extremely sick.
You feel better.
You are engulfed in dark miasma.
You die...

##§§..### #.○.▓▓▓▓▓▓▓▓▓▓ #
e≈§....# #.°.▓≈≈§≈≈≈≈≈▓ #+++#++
####^^..# #=°▓▓▓▓▓▓▓▓▓▓ .... ...
#..'....# #"|▓.().[.(.▓
≈.##+##..#..####.# (#:[▓.)....).▓
≈##...##.####†.'^##k#):▓....(.((▓
≈#÷÷#..#....#..#.^.####▓(|)...).▓
###.#.####..#####..##)#▓)...)..[▓
.###'###.##..#..@°.#..#▓)......(▓
..##.##.#.#..#..#^.#†.#▓...))[.[▓
#.'.<.'###'..####.^##.#▓....[.[.▓
).##.##.#.#....###...##▓▓▓▓▓▓▓§▓▓
.###'###.##.....○○≈≈≈≈≈≈≈≈≈≈≈≈.§.
###..# ###≈≈.....≈#'########[###.
≈#..## #≈≈≈≈≈≈≈..≈#_._._...#§§≈##
≈##.# #≈§≈≈≈≈≈≈.≈#._._._._#≈≈≈≈#
≈≈##+##≈≈§≈≈≈≈≈≈≈≈#_._._._.#§≈≈§§


You could see a swamp drake.

Vanquished Creatures
  A kraken (D)
  2 sphinxes (D)
  2 death drakes (D)
  2 deep trolls (D)
  3 shining eyes (D)
  A merfolk siren (D)
  A yaktaur (D)
  5 polar bears (D)
  A hornet (D)
  3 yaks (D)
  2 wyverns (D)
  5 water moccasins (D)
  A swamp drake (D)
  4 necrophages (D)
  2 worms (D)
35 creatures vanquished.

Vanquished Creatures (others)
  Menkaure (D)
1 creature vanquished.

Grand Total: 36 creatures vanquished

Notes
Turn   | Place    | Note
-------+----------+-------------------------------------------
     0 | D        | Groucho the Spriggan Enchanter began the quest for the Orb.
     0 | D        | Reached XP level 1. HP: 9/9 MP: 5/5
     3 | D        | Noticed a merfolk siren
     7 | D        | Noticed a necrophage
     7 | D        | Noticed a necrophage
     7 | D        | Noticed a necrophage
     7 | D        | Noticed a necrophage
    17 | D        | Killed a necrophage
    18 | D        | Reached skill level 5 in Dodging
    18 | D        | Reached skill level 7 in Stealth
    18 | D        | Reached skill level 5 in Spellcasting
    18 | D        | Reached skill level 5 in Hexes
    18 | D        | Reached XP level 2. HP: 7/13 MP: 6/9
    18 | D        | Reached XP level 3. HP: 9/16 MP: 6/10
    18 | D        | Reached XP level 4. HP: 12/21 MP: 7/12
    20 | D        | Killed a necrophage
    21 | D        | Reached skill level 5 in Short Blades
    21 | D        | Reached skill level 8 in Stealth
    21 | D        | Reached XP level 5. HP: 14/24 MP: 7/14
    22 | D        | Killed a necrophage
    23 | D        | Reached skill level 9 in Stealth
    26 | D        | Killed a necrophage
    27 | D        | Reached skill level 10 in Stealth
    27 | D        | Reached XP level 6. HP: 17/28 MP: 7/17
    31 | D        | Noticed a wyvern
    31 | D        | Noticed a wyvern
    34 | D        | Killed a wyvern
    35 | D        | Reached skill level 11 in Stealth
    37 | D        | Killed a wyvern
    38 | D        | Reached XP level 7. HP: 20/32 MP: 8/20
    64 | D        | Killed a merfolk siren
    65 | D        | Reached skill level 10 in Dodging
    65 | D        | Reached skill level 12 in Stealth
    65 | D        | Reached skill level 10 in Hexes
   104 | D        | Noticed Roxanne
   109 | D        | Learned a level 2 spell: Ensorcelled Hibernation
   110 | D        | Killed Menkaure
   113 | D        | Learned a level 3 spell: Confusing Touch
   117 | D        | Learned a level 3 spell: Dazzling Flash
   121 | D        | Learned a level 3 spell: Tukima's Dance
   132 | D        | Found Bewkias's Jewellery Boutique.
   132 | D        | Found Ihimu's Antique Weapon Boutique.
   132 | D        | Found Suuxaxke's Distillery.
   133 | D        | Found Puorghubi's Assorted Antiques.
   133 | D        | Found Poabli's Antique Armour Shop.
   133 | D        | Found Taralitsi's Jewellery Boutique.
   133 | D        | Found Iruyzis's General Store.
   133 | D        | Found Muucs's Book Boutique.
   134 | D        | Found Ifikkev's Distillery.
   134 | D        | Found Guepon's Jewellery Shop.
   135 | D        | Found Zuxula's Assorted Antiques.
   135 | D        | Found Pozin's Magic Scroll Boutique.
   136 | D        | Found Paurabalec's Antique Armour Boutique.
   136 | D        | Found Xiown's Jewellery Shop.
   136 | D        | Noticed an oklob plant
   145 | D        | Reached XP level 8. HP: 32/36 MP: 19/22
   148 | D        | Found Piuthryrph's Book Shoppe.
   149 | D        | Noticed a cane toad
   150 | D        | Noticed a cane toad
   153 | D        | Noticed a hell hog
   153 | D        | Noticed a hell hog
   198 | D        | Bought a glowing robe for 70 gold pieces
   212 | D        | Bought the ring "Zeikleuck" {rPois rCorr Dex+2} for 404
                  | gold pieces
   212 | D        | Bought the ring of Xom's Full Attention {MP+9 Str+3} for
                  | 366 gold pieces
   242 | D        | Reached skill level 13 in Stealth
   242 | D        | Reached skill level 1 in Conjurations
   242 | D        | Found an iron altar of Okawaru.
   242 | D        | Found an opulent altar of Gozag.
   243 | D        | Found a sparkling altar of Nemelex Xobeh.
   243 | D        | Found a blossoming altar of Fedhas.
   244 | D        | Found a radiant altar of Vehumet.
   244 | D        | Found a burning altar of Makhleb.
   244 | D        | Found a white marble altar of Elyvilon.
   246 | D        | Found a hide-covered altar of Uskayaw.
   246 | D        | Found a corrupted altar of Lugonu.
   246 | D        | Found a shadowy altar of Dithmenos.
   247 | D        | Found a glowing silver altar of Zin.
   247 | D        | Found a bloodstained altar of Trog.
   247 | D        | Found an ancient bone altar of Kikubaaqudgha.
   248 | D        | Found a basalt altar of Yredelemnul.
   248 | D        | Found a shimmering blue altar of Sif Muna.
   248 | D        | Found a viscous altar of Jiyva.
   249 | D        | Found a shimmering altar of Xom.
   249 | D        | Found a sacrificial altar of Ru.
   251 | D        | Found a glowing golden altar of the Shining One.
   251 | D        | Found an ornate altar of the Wu Jian Council.
   251 | D        | Found a stormy altar of Qazlal.
   251 | D        | Found a snail-covered altar of Cheibriados.
   251 | D        | Found a hazy altar of Hepliaklqana.
   259 | D        | Became a worshipper of Dithmenos the Shadowed
   276 | D        | Reached skill level 10 in Spellcasting
   277 | D        | Reached * piety under Dithmenos
   287 | D        | Noticed a polar bear
   288 | D        | Noticed a polar bear
   296 | D        | Killed a polar bear
   297 | D        | Reached skill level 14 in Stealth
   300 | D        | Killed a polar bear
   301 | D        | Reached XP level 9. HP: 30/39 MP: 24/24
   312 | D        | Noticed a shining eye
   312 | D        | Noticed a shining eye
   312 | D        | Noticed a shining eye
   314 | D        | Killed a shining eye
   314 | D        | Reached ** piety under Dithmenos
   315 | D        | Reached skill level 15 in Stealth
   316 | D        | Killed a shining eye
   317 | D        | Killed a shining eye
   324 | D        | Noticed a deep elf master archer
   397 | D        | Noticed a yaktaur
   397 | D        | Noticed a polar bear
   398 | D        | Noticed a polar bear
   398 | D        | Noticed a polar bear
   399 | D        | Killed a polar bear
   399 | D        | Reached *** piety under Dithmenos
   400 | D        | Reached skill level 10 in Short Blades
   400 | D        | Reached skill level 16 in Stealth
   400 | D        | Killed a polar bear
   401 | D        | Reached skill level 5 in Conjurations
   402 | D        | Killed a polar bear
   404 | D        | Reached XP level 10. HP: 44/44 MP: 26/26
   405 | D        | Reached **** piety under Dithmenos
   442 | D        | Bought a ring of flight for 192 gold pieces
   448 | D        | Bought a potion of flight for 36 gold pieces
   448 | D        | Bought a potion of flight for 36 gold pieces
   448 | D        | Bought a potion of invisibility for 96 gold pieces
   491 | D        | Noticed a kraken
   512 | D        | Killed a kraken
   513 | D        | Reached skill level 17 in Stealth
   531 | D        | Reached skill level 15 in Dodging
   543 | D        | Reached skill level 18 in Stealth
   544 | D        | Noticed a deep troll
   545 | D        | Noticed a deep troll
   572 | D        | Killed a deep troll
   572 | D        | Reached ***** piety under Dithmenos
   580 | D        | Killed a deep troll
   613 | D        | Noticed a sphinx
   614 | D        | Noticed a sphinx
   620 | D        | Killed a sphinx
   621 | D        | Reached skill level 19 in Stealth
   621 | D        | Reached skill level 15 in Hexes
   627 | D        | Killed a sphinx
   628 | D        | Reached skill level 20 in Stealth
   628 | D        | Reached XP level 11. HP: 29/47 MP: 23/29
  1255 | D        | Noticed an orange crystal statue
  1362 | D        | Noticed a crystal guardian
  1651 | D        | Noticed a death drake
  1651 | D        | Noticed a death drake
  1653 | D        | Killed a death drake
  1661 | D        | Killed a death drake
  1662 | D        | Engulfed by a cloud of foul pestilence

Illustrated notes

Levels and vault maps discovered:
D:        the_violet_keep_of_menkaure [sprint2_stairs_cluster_1,
          sprint2_shoproom, sprint2_temple, sprint2_basic_supplies,
          sprint2_obstacle_6, sprint2_obstacle_4, sprint2_obstacle_5,
          sprint2_obstacle_7, sprint2_obstacle_1, sprint2_timed_cluster_1,
          sprint2_smallroom_cluster_1, sprint2_smallroom_final_cluster_1,
          sprint2_transparent_cluster_1, sprint2_second_timed_cluster_1,
          sprint2_sniper_area_1, sprint2_heavy_combat_area_1,
          sprint2_mutation_trap_area_1, sprint2_forest_area_1,
          sprint2_light_combat_area_1, sprint2_behind_water_1,
          sprint2_near_end_vault_1]

Skill      XL: |  1  2  3  4  5  6  7  8  9 10 11 |
---------------+----------------------------------+-----
Short Blades   | 4 5 6 7 8 9 10 11 12 | 12.3
Dodging        | 5 6 8 9 10 12 14 17 | 17.8
Stealth        | 7 8 10 11 12 14 16 20 | 20.0
Spellcasting   | 5 6 7 8 9 10 11 13 | 13.6
Hexes          | 5 6 8 9 10 11 13 15 | 15.0
Conjurations   | 3 5 |  5.0

Action                   |  1- 3 |  4- 6 |  7- 9 | 10-12 || total
-------------------------+-------+-------+-------+-------++-------
Melee: Dagger            |     7 |     8 |    26 |    29 ||    70
Throw: Dart              |       |       |       |     1 ||     1
 Cast: Ensorcelled Hiber |       |       |     2 |    14 ||    16
       Confusing Touch   |       |       |     2 |     1 ||     3
       Dazzling Flash    |       |       |       |     3 ||     3
  Use: Potion            |     1 |       |       |     4 ||     5
       Scroll            |       |       |       |     2 ||     2
 Stab: Sleeping          |     1 |     4 |    13 |     9 ||    27
       Invisible         |     1 |     1 |     2 |     4 ||     8
       Confused          |       |       |     4 |     2 ||     6
Armor: Robe              |     1 |       |       |     2 ||     3
Dodge: Dodged            |     8 |     3 |    18 |    18 ||    47
